Map: Backwater LE

Players

RandoMStar - Winner!

  • Race: Terran Terran
  • League: Diamond
  • Spawn Location: 5:00

ILIEKEGGPIE

  • Race: Protoss Protoss
  • League: Platinum
  • Spawn Location: 11:00

VOD

Have the link to the VOD?

Description

Time

  • Played on: April 7, 2018, 11:44 p.m.
  • Length: 12:09
Show
View Real Time Build Order
Export as new Build Order

RandoMStar Terran - Winner!

Build Orders: Hellion Opening, Mech 

Get SALT Encoding   

  12  0:00  SCV  
  13  0:13  SCV  
  14  0:18  Supply Depot  
  14  0:25  SCV  
  14  0:28  Refinery  
  15  0:39  SCV  
  16  0:45  Barracks  
  16  0:51  SCV  
  17  1:05  SCV  
  18  1:17  SCV  
  20  1:33  Factory  
  20  1:37  Orbital Command  
  19  1:50  Barracks Reactor  
  19  2:05  Supply Depot, SCV  
  20  2:18  SCV  
  21  2:24  Command Center  
  21  2:32  SCV  
  21  2:34  Refinery  
  22  2:41  Factory  
  22  2:42  Hellion x2  
  22  2:44  SCV  
  28  2:56  Barracks Tech Lab  
  27  2:59  SCV  
  28  3:08  Hellion  
  28  3:11  Supply Depot, SCV  
  31  3:28  SCV  
  31  3:33  Hellion  
  33  3:40  Siege Tank  
  34  3:53  Hellion  
  34  3:54  Hellion  
  38  4:05  Armory  
  36  4:22  Hellion  
  38  4:43  Siege Tank, Hellion  
  38  4:44  Supply Depot, Hellion  
  45  5:00  Infernal Pre-Igniter  
  45  5:03  Barracks Reactor  
  45  5:05  Hellion  
  46  5:21  Orbital Command  
  46  5:23  SCV  
  47  5:35  Supply Depot, SCV  
  48  5:42  Siege Tank  
  53  5:43  Hellion  
  53  5:48  Factory  
  53  5:49  SCV  
  54  5:51  SCV  
  55  6:14  Terran Vehicle Weapons Level 1  
  55  6:15  Siege Tank  
  55  6:16  Hellion  
  55  6:17  Hellion  
  62  6:23  SCV  
  63  6:35  SCV  
  63  6:38  Hellion x2  
  58  7:44  Hellion  
  58  7:47  Siege Tank  
  58  7:48  Hellion x3  
  69  7:53  Barracks Tech Lab, Factory  
  69  7:54  Barracks Reactor  
  69  7:56  SCV  
  70  8:11  Hellion  
  70  8:13  Hellion  
  70  8:14  Hellion  
  70  8:15  SCV x2, Hellion  
  70  8:19  Siege Tank  
  66  8:27  SCV x2  
  66  8:33  Hellion  
  70  8:53  Hellion x2  
  70  8:54  Hellion  
  70  9:08  Refinery  
  70  9:11  Refinery  
  70  9:22  Barracks Tech Lab  
  70  9:25  Supply Depot  
  70  9:30  Supply Depot  
  70  9:46  Siege Tank, SCV  
  70  9:47  Supply Depot, Hellion x2  
  82  9:52  Hellion x2  
  82  9:54  Supply Depot  
  79  10:08  Hellion  
  79  10:10  Supply Depot  
  81  10:17  Supply Depot  
  81  10:19  Siege Tank, SCV  
  81  10:20  SCV  
  86  10:32  SCV x2  
  86  10:35  Supply Depot  
  88  10:42  Supply Depot  
  87  10:51  Siege Tank, Hellion x6  
  102  10:58  Supply Depot  
  102  11:12  Hellion x2  
  102  11:13  Hellion x2  
  110  11:23  Siege Tank  
  110  11:25  Factory  
  113  11:31  Hellion x2  
  117  11:34  Hellion x4  
Show
View Real Time Build Order
Export as new Build Order

ILIEKEGGPIE Protoss 

Build Orders:  

Get SALT Encoding   

  12  0:00  Probe  
  13  0:13  Probe  
  14  0:18  Pylon  
  14  0:25  Probe (Chrono Boost)  
  15  0:37  Probe (Chrono Boost)  
  15  0:39  Gateway  
  16  0:45  Assimilator  
  16  0:49  Probe (Chrono Boost)  
  17  0:57  Assimilator  
  17  1:01  Probe  
  18  1:13  Probe  
  19  1:26  Gateway  
  19  1:28  Cybernetics Core  
  19  1:30  Probe  
  20  1:42  Probe (Chrono Boost)  
  21  1:49  Pylon  
  22  1:54  Probe (Chrono Boost)  
  22  2:06  Warp Gate  
  22  2:13  Probe  
  25  2:16  Stalker  
  25  2:18  Stalker  
  27  2:29  Probe  
  28  2:40  Robotics Facility  
  28  2:45  Pylon  
  28  2:57  Stalker (Chrono Boost)  
  30  3:03  Stalker (Chrono Boost)  
  31  3:24  Nexus  
  31  3:33  Stalker  
  33  3:41  Stalker  
  35  3:51  Immortal (Chrono Boost)  
  39  4:26  Pylon  
  37  4:40  Probe  
  37  4:45  Gateway  
  38  4:47  Gateway  
  38  4:52  Probe  
  39  4:56  Pylon  
  39  5:04  Probe  
  40  5:18  Immortal  
  44  5:23  Robotics Bay  
  44  5:25  Forge  
  44  5:27  Forge  
  44  5:33  Pylon  
  45  5:36  Pylon  
  45  5:38  Probe (Chrono Boost)  
  45  5:53  Protoss Ground Weapons Level 1 (Chrono Boost)  
  45  6:09  Probe (Chrono Boost)  
  45  6:10  Protoss Ground Armor Level 1 (Chrono Boost)  
  47  6:11  Assimilator  
  47  6:15  Probe (Chrono Boost)  
  47  6:17  Assimilator  
  47  6:23  Probe (Chrono Boost)  
  49  6:27  Probe (Chrono Boost)  
  49  6:28  Extended Thermal Lance  
  49  6:30  Probe (Chrono Boost)  
  50  6:35  Probe x2 (Chrono Boost)  
  50  6:38  Pylon  
  48  6:50  Colossus (Chrono Boost)  
  54  6:56  Stalker, Sentry x2  
  54  6:57  Stalker  
  44  7:24  Stalker x3  
  44  7:25  Stalker  
  50  7:43  Warp Prism (Chrono Boost)  
  52  7:52  Stalker x2  
  56  8:06  Shield Battery  
  30  8:27  Zealot  
  30  8:28  Zealot  
  30  8:51  Immortal  
  30  8:52  Stalker x2  
  38  9:10  Pylon  
  38  9:14  Stalker x2  
  42  9:24  Gateway  
  42  9:29  Gateway  
  42  9:38  Gateway  
  42  9:41  Gateway  
  42  9:49  Zealot x2  
  40  10:15  Immortal  
  42  10:21  Zealot x2  
  44  10:45  Stalker x2  
  44  10:46  Sentry x2  
  50  11:21  Zealot  
  50  11:22  Stalker, Zealot  
  56  11:31  Stalker  
Tags
 
Composition
Mech
Matchup
PvT
Replay Pack
Multi
Spawn Locations
Cross Positions
Add a new tag
Caveats
  • Supply blocks, unpowered buildings, or Contaminate may cause inaccurate times.
  • Supply counts are checked every 10 seconds.